 Dungeon Crawl Stone Soup version 0.29-a0-275-g389c0b56f3 (webtiles) character file.

Game seed: 2984760860041442998

5599 enile the Wallflower (level 10, -4/74 HPs)
             Began as a Demonspawn Wanderer on Mar 12, 2022.
             Was a Believer of Uskayaw.
             Slain by a two-headed ogre
             ... wielding a +0 giant spiked club
              (27 damage)
             ... on level 10 of the Dungeon.
             The game lasted 00:21:43 (13730 turns).

enile the Wallflower (Demonspawn Wanderer)         Turns: 13730, Time: 00:21:44

Health: -4/74      AC: 10    Str: 10    XL:     10   Next: 45%
Magic:  10/16      EV: 13    Int: 20    God:    Uskayaw [**....]
Gold:   477        SH:  5    Dex: 13    Spells: 11/17 levels left

rFire   . . .      SeeInvis .   x - +3 dagger (venom)
rCold   . . .      Faith    .   (no shield)
rNeg    . . .      Spirit   .   y - +0 leather armour "Loapnott" {Slay+3}
rPois   .          Reflect  +   (helmet restricted)
rElec   .          Harm     .   n - +2 cloak
rCorr   .          Rampage  .   d - +1 pair of gloves
Will    .....                   (no boots)
Stlth   ++........              B - amulet of reflection
HPRegen 0.22/turn               (no ring)
MPRegen 0.15/turn               (no ring)

@: no status effects
A: antennae 2, thin metallic scales 1, demonic magic 1
a: Renounce Religion, Stomp, Line Pass


You were on level 10 of the Dungeon.
You worshipped Uskayaw.
Uskayaw was noncommittal.
You visited 2 branches of the dungeon, and saw 11 of its levels.

You collected 594 gold pieces.
You spent 117 gold pieces at shops.

Inventory:

Hand Weapons
 a - a +0 dagger
 f - a +0 dire flail of distortion
 g - a +0 hunting sling
 m - a +1 vorpal hunting sling
 p - a +2 dagger of venom
 s - a +2 quarterstaff of chaos
 t - the +5 whip "Vuines" {protect, rCorr Str-3 Int+6}
   (You found it on level 4 of the Dungeon)

   It grants its wielder temporary protection when it strikes (+7 to AC).
   Str:       It affects your strength (-3).
   Int:       It affects your intelligence (+6).
   rCorr:     It protects you from acid and corrosion.
 x - a +3 dagger of venom (weapon)
 I - a +5 flail
Missiles
 e - 19 poisoned darts
 i - 5 atropa-tipped darts
 F - 4 boomerangs of dispersal
 R - 5 throwing nets (quivered)
Armour
 c - a +0 robe
 d - a +1 pair of gloves (worn)
 n - a +2 cloak (worn)
 y - the +0 leather armour "Loapnott" (worn) {Slay+3}
   (You found it on level 5 of the Dungeon)

   Slay:      It affects your accuracy & damage with ranged weapons and melee
   (+3).
 D - a +2 ring mail of poison resistance
 L - +0 steam dragon scales
 P - a +1 ring mail of positive energy
 U - a +0 troll leather armour
Jewellery
 B - an amulet of reflection (around neck)
Wands
 w - a wand of flame (37)
 C - a wand of acid (1)
 G - a wand of charming (12)
 H - a wand of iceblast (12)
 Q - a wand of paralysis (2)
 T - a wand of polymorph (3)
 V - a wand of digging (5)
Scrolls
 j - 3 scrolls of blinking
 l - a scroll of holy word
 r - a scroll of magic mapping
 v - 2 scrolls of brand weapon
 J - a scroll of torment
 K - a scroll of teleportation
 M - a scroll of immolation {unknown}
 N - a scroll of summoning {unknown}
 S - a scroll of noise {unknown}
Potions
 b - 2 potions of haste
 h - a potion of brilliance {unknown}
 k - a potion of resistance {unknown}
 o - 3 potions of cancellation {unknown}
 q - 2 potions of mutation {unknown}
 u - 3 potions of might
 z - a potion of berserk rage {unknown}
 A - 2 potions of magic {unknown}
 E - 2 potions of heal wounds {unknown}
 O - 3 potions of curing
 W - 2 potions of degeneration


   Skills:
 - Level 5.0 Fighting
 - Level 5.0 Short Blades
 - Level 5.0 Dodging
 - Level 3.0 Stealth
 - Level 4.0 Spellcasting
 + Level 4.3 Hexes
 - Level 4.0 Translocations
 - Level 5.0 Fire Magic
 - Level 7.0 Invocations
 - Level 7.0 Evocations


You had 11 spell levels left.
You knew the following spells:

 Your Spells              Type           Power      Damage    Failure   Level
a - Slow                  Hex            84%        N/A       3%          1
b - Blink                 Tloc           40%        N/A       4%          2
c - Inner Flame           Hex/Fire       22%        N/A       8%          3

Your spell library contained the following spells:

 Spells                   Type           Power      Damage    Failure   Level
 Apportation              Tloc           40%        N/A       3%          1
 Gell's Gravitas          Tloc           20%        N/A       10%         3
 Ensorcelled Hibernation  Hex/Ice        24%        N/A       11%         2
 Animate Skeleton         Necr           8%         N/A       17%         1
 Sandblast                Erth           8%         2d5       17%         1
 Summon Small Mammal      Summ           16%        N/A       17%         1
 Passwall                 Tmut/Erth      3%         N/A       26%         2
 Stone Arrow              Conj/Erth      8%         3d7       45%         3
 Swiftness                Air            4%         N/A       45%         3


Dungeon Overview and Level Annotations

Branches:
Dungeon (10/15)            Temple (1/1) D:6
   Lair: D:8-11         Orc: D:9-12

Altars:
Ashenzari
Cheibriados
Dithmenos
Elyvilon
Fedhas
Gozag
Hepliaklqana
Kikubaaqudgha
Makhleb
Nemelex Xobeh
Okawaru
Qazlal
Ru
Sif Muna
Trog
Uskayaw
Vehumet
Wu Jian
Xom
Yredelemnul
Zin
The Shining One

Shops:
D:5 :   D:6 *   D:10 !


Innate Abilities, Weirdness & Mutations

You have a pair of antennae on your head.
You are partially covered in thin metallic scales. (AC +2)
Spells you cast may paralyse adjacent enemies.


Message History

Press: ? - help, Shift-Dir - straight line, f - wyvern
Aim: a wyvern (wandering, hasn't noticed you, chance to affect: 60%)
The wyvern hisses angrily.
The wyvern resists with significant effort.
Malevolent energies surge around you. You block the wyvern's attack.
Casting: Slow (safe; 3% risk of failure)
Confirm with . or Enter, or press ? or * to list all spells.
Aiming: Slow (safe; 3% risk of failure)
Press: ? - help, Shift-Dir - straight line, f/p - wyvern
Aim: a wyvern (chance to affect: 60%)
The wyvern seems to slow down.
Malevolent energies surge around you. The wyvern bites you!
Casting: Slow (safe; 3% risk of failure)
Confirm with . or Enter, or press ? or * to list all spells.
Aiming: Slow (safe; 3% risk of failure)
Press: ? - help, Shift-Dir - straight line, f/p - wyvern
Aim: a wyvern (slow, chance to affect: 60%)
The wyvern resists with significant effort.
Malevolent energies surge around you. The wyvern bites you!
Casting: Slow (safe; 3% risk of failure)
Confirm with . or Enter, or press ? or * to list all spells.
Aiming: Inner Flame (dangerous; 9% risk of failure)
Press: ? - help, Dir - move target, f/p - wyvern
Aim: a wyvern (slow, chance to affect: 78%)
The wyvern is filled with an inner flame.
Malevolent energies surge around you.
The wyvern suddenly stops moving!
The helpless wyvern fails to defend itself.
You impale the wyvern!!
The wyvern explodes!
The fiery explosion engulfs you!!
The fiery explosion engulfs the two-headed ogre!!
The two-headed ogre is heavily wounded.
The two-headed ogre is engulfed in blazing flames.
You can now pass through a line of other dancers.
Training target 7.0 for Evocations reached!
Your Evocations skill increases to level 7!
You need to enable at least one skill for training.
The two-headed ogre attacks as you move away!
The two-headed ogre hits you with a +0 giant spiked club!!
You die...

........#.....#................
....##.###.##.#.....#.###..####
#.#.#.## #.#.#.....#.. ..#
#.#..## ##..###..###.# ..#
#.###.## ##...##.#. .# .# #.
##.###.#..#.### .# .#
##.#.8#8.8## ##........##
#..<.∩.>.@# ..............#O#
.###.#..8.8#8.#§#
#.##...###.#.# # ##### #.#.#
#.#.# #...# ###.#


You could see a two-headed ogre.

Vanquished Creatures
  Harold (D:9)
  Joseph (D:8)
  A komodo dragon (D:9)
  A troll (D:10)
  Prince Ribbit (D:6)
  A shadow (D:9)
  2 wyverns
  4 yaks (D:9)
  A steam dragon (D:8)
  Edmund (D:8)
  3 orc warriors
  2 sky beasts (D:6)
  An ice beast (D:5)
  An ogre (D:5)
  A black bear (D:7)
  2 centaurs
  A phantom (D:5)
  A necrophage (D:7)
  2 bullfrogs
  A scorpion (D:6)
  5 wights (D:8)
  8 killer bees
  2 hounds
  11 orc priests
  Crazy Yiuf (D:4)
  A gnoll shaman (D:4)
  4 iguanas
  5 orc wizards
  2 adders
  3 gnolls
  2 shadow imps
  2 white imps (D:6)
  An ufetubus (D:5)
  A worm (D:4)
  4 dart slugs
  56 orcs
  5 ball pythons
  3 bats
  4 endoplasms
  3 giant cockroaches
  5 goblins
  4 hobgoblins
  2 quokkas
  A frilled lizard (D:1)
  A kobold (D:3)
  4 rats
169 creatures vanquished.

Vanquished Creatures (others)
  A yak (D:9)
  An orc wizard (D:5)
  An orc (D:8)
  2 plants (D:6)
5 creatures vanquished.

Grand Total: 174 creatures vanquished

Notes
Turn   | Place    | Note
-------+----------+-------------------------------------------
     0 | D:1      | enile the Demonspawn Wanderer began the quest for the Orb.
     0 | D:1      | enile set off with the following items: a +0 dagger, a
                  | potion of haste, a +0 robe, a +0 pair of gloves; and the
                  | following spells available to memorise: Apportation, Slow,
                  | Blink, Gell's Gravitas, Inner Flame
     0 | D:1      | Reached XP level 1. HP: 13/13 MP: 3/3
    36 | D:1      | Learned a level 1 spell: Slow
   151 | D:1      | Gained mutation: Spells you cast may paralyse adjacent
                  | enemies. [demonic ancestry]
   151 | D:1      | Reached XP level 2. HP: 13/19 MP: 0/5
  1033 | D:2      | Learned a level 2 spell: Blink
  1628 | D:3      | Gained mutation: You have a pair of small antennae on your
                  | head. [demonic ancestry]
  1628 | D:3      | Reached XP level 3. HP: 16/25 MP: 4/6
  1760 | D:3      | Reached skill level 1 in Fighting
  2310 | D:3      | Gained mutation: You are partially covered in thin metallic
                  | scales. (AC +2) [demonic ancestry]
  2310 | D:3      | Reached XP level 4. HP: 29/34 MP: 4/7
  3067 | D:4      | Reached skill level 1 in Short Blades
  3177 | D:4      | Reached XP level 5. HP: 41/41 MP: 4/8
  3224 | D:4      | Found a runed translucent door.
  3225 | D:4      | Noticed Crazy Yiuf
  3755 | D:4      | Reached skill level 1 in Fire Magic
  3857 | D:4      | Learned a level 3 spell: Inner Flame
  3998 | D:4      | Killed Crazy Yiuf
  4084 | D:4      | Identified the +5 whip "Vuines" {protect, rCorr Str-3
                  | Int+6}
  4112 | D:5      | Entered Level 5 of the Dungeon
  4113 | D:5      | Noticed an orc warrior
  4115 | D:5      | Noticed an ogre
  4415 | D:5      | Noticed a phantom
  4428 | D:5      | Killed a phantom
  4429 | D:5      | Reached XP level 6. HP: 46/47 MP: 3/9
  4862 | D:5      | Killed an orc warrior
  4863 | D:5      | Reached XP level 7. HP: 48/52 MP: 6/10
  5804 | D:5      | Found Necijih's Book Shop.
  5875 | D:5      | Identified the +0 leather armour "Loapnott" {Slay+3}
  6469 | D:6      | Found Wudas's Neck Hole.
  6472 | D:6      | Noticed Prince Ribbit
  6502 | D:6      | Killed Prince Ribbit
  6503 | D:6      | Reached XP level 8. HP: 22/58 MP: 5/12
  6703 | D:6      | Found a staircase to the Ecumenical Temple.
  6859 | Temple   | Entered the Ecumenical Temple
  7461 | Temple   | Became a worshipper of Uskayaw the Reveller
  7538 | D:6      | Reached * piety under Uskayaw
  7642 | D:6      | Reached ** piety under Uskayaw
  7649 | D:6      | Reached *** piety under Uskayaw
  8545 | D:6      | Reached skill level 5 in Invocations
  8759 | D:7      | Reached **** piety under Uskayaw
  9781 | D:8      | Noticed Edmund
  9787 | D:8      | Killed Edmund
  9788 | D:8      | Gained mutation: You have a pair of antennae on your head.
                  | [demonic ancestry]
  9788 | D:8      | Reached XP level 9. HP: 63/63 MP: 9/15
  9991 | D:8      | Reached skill level 5 in Dodging
 10223 | D:8      | Noticed Joseph
 10238 | D:8      | Killed Joseph
 10239 | D:8      | Reached skill level 5 in Fighting
 10897 | D:8      | Reached skill level 5 in Short Blades
 11181 | D:9      | Noticed Harold
 11204 | D:9      | Killed Harold
 11205 | D:9      | Reached skill level 5 in Evocations
 11247 | D:10     | Entered Level 10 of the Dungeon
 11561 | D:9      | Reached XP level 10. HP: 63/74 MP: 11/16
 11567 | D:9      | Paralysed by a centaur for 2 turns
 11574 | D:9      | Paralysed by a centaur for 2 turns
 11750 | D:9      | Reached skill level 5 in Fire Magic
 13714 | D:10     | Found Poegeff's Distillery.
 13720 | D:10     | Bought a potion of curing for 39 gold pieces
 13720 | D:10     | Bought 2 potions of degeneration for 26 gold pieces
 13720 | D:10     | Bought a potion of might for 52 gold pieces
 13723 | D:10     | Noticed a two-headed ogre
 13730 | D:10     | Slain by a two-headed ogre

Illustrated notes

Levels and vault maps discovered:
D:1:      doesnt_arrival_eight_statues, layout_basic
D:2:      layout_basic
D:3:      layout_basic, minmay_misc_feat_five
D:4:      layout_gridville, uniq_crazy_yiuf_cottage
D:5:      layout_basic, kennysheep_mini_moat, serial_shops, shop
D:6:      layout_loops_corners, minmay_temple_entry_overgrown,
          supply_closet_lemuel, minmay_holes, nicolae_shop_sticking_my_neck_out,
          uniq_edmund, uniq_prince_ribbit1
D:7:      lemuel_ice_spiral_2, layout_rooms, hangedman_abyss_or_decor_stabs
D:8:      layout_basic, uniq_joseph
D:9:      layout_loops_corners, special_room [special_room_orc], uniq_harold
D:10:     layout_loops_ring, minmay_lair_entry_grove, orc_0_dummy, serial_shops,
          nicolae_stop_n_shop_2, amcnicky_mini_pool_medium, uniq_lodul
Temple:   mainiacjoe_temple_starburst

Skill      XL: |  1  2  3  4  5  6  7  8  9 10 |
---------------+-------------------------------+-----
Dodging        | 2 4 5 |  5.0
Fighting       | 2 3 5 |  5.0
Short Blades   | 1 2 3 5 |  5.0
Translocations | 3 4 |  4.0
Hexes          | 3 4 |  4.3
Fire Magic     | 3 4 5 |  5.0
Spellcasting   | 3 4 |  4.0
Stealth        | 3 |  3.0
Evocations     | 4 5 7 |  7.0
Invocations    | 6 7 |  7.0

Action                   |  1- 3 |  4- 6 |  7- 9 | 10-12 || total
-------------------------+-------+-------+-------+-------++-------
Melee: Dagger            |   104 |    62 |   197 |    60 ||   423
       Punch             |       |     1 |     4 |       ||     5
       Whip              |       |    35 |       |       ||    35
 Fire: Hunting sling     |    11 |    10 |       |       ||    21
Throw: Dart              |       |    11 |    14 |       ||    25
       Throwing net      |       |     2 |       |       ||     2
 Cast: Slow              |    44 |    55 |   106 |    34 ||   239
       Inner Flame       |       |     1 |     5 |     7 ||    13
       Blink             |       |       |       |     1 ||     1
Invok: Stomp             |       |       |     2 |       ||     2
Evoke: Wand              |       |       |     2 |     6 ||     8
  Use: Potion            |     1 |     1 |     1 |       ||     3
       Scroll            |       |     1 |     7 |     1 ||     9
 Stab: Paralysed         |    13 |    41 |    46 |    13 ||   113
       Sleeping          |       |       |     2 |       ||     2
Armor: Robe              |    15 |    43 |     6 |       ||    64
       Leather armour    |       |       |    45 |    19 ||    64
Dodge: Dodged            |    51 |    52 |    85 |    26 ||   214
Block: Other             |       |       |    11 |    19 ||    30
       Reflection        |       |       |       |     1 ||     1

Table legend: (Time is in decaauts)
 A = Elapsed time spent in this place.
 B = Non-inter-level travel time spent in this place.
 C = Inter-level travel time spent in this place.
 D = Time resting spent in this place.
 E = Time spent auto-exploring this place.
 F = Levels seen in this place.
 G = Mean time per level.
                   A        B        C        D        E       F      G
               +--------+--------+--------+--------+--------+-----+--------+
         Total |  13700 |  12870 |    830 |   1866 |   9149 |  11 | 1245.5 |
       Dungeon |  13042 |  12317 |    725 |   1866 |   8683 |  10 | 1304.2 |
        Temple |    658 |    554 |    104 |      0 |    466 |   1 |  658.0 |
               +--------+--------+--------+--------+--------+-----+--------+

Top non-repeatable levels by time:
     D:5: 2088 daAuts
     D:9: 1821 daAuts
     D:6: 1540 daAuts
     D:8: 1527 daAuts
     D:4: 1515 daAuts
     D:7: 1274 daAuts
     D:3: 1261 daAuts
     D:1: 1031 daAuts
  Temple: 658 daAuts
     D:2: 564 daAuts
    D:10: 416 daAuts
